 Dungeon Crawl Stone Soup version 0.26-a0-737-g4e9f4955e2 (webtiles) character file.

Game seed: 16826568576061640568

1947 mhtbhm the Cleaver (level 8, -3/71 HPs)
             Began as a Minotaur Berserker on Nov 4, 2020.
             Was an Elder of Trog.
             Slain by an orc warrior
             ... wielding a +0 flail
              (15 damage)
             ... on level 7 of the Dungeon.
             The game lasted 00:07:08 (5377 turns).

mhtbhm the Cleaver (Minotaur Berserker)             Turns: 5377, Time: 00:07:08

Health: -3/71      AC: 12    Str: 23    XL:     8   Next: 98%
Magic:  0/7        EV: 11    Int:  4    God:    Trog [****..]
Gold:   36         SH:  9    Dex: 11    Spells: 7/7 levels left

rFire    . . .     SeeInvis .   a - +0 hand axe
rCold    . . .     Faith    .   B - +0 kite shield
rNeg     . . .     Spirit   +   b - +1 ring mail of Patience {Stlth+}
rPois    +         Reflect  .   (helmet restricted)
rElec    .         Harm     .   (no cloak)
rCorr    .         Rampage  .   k - +0 pair of gloves
MR       .....                  (no boots)
Stlth    ++........             n - amulet of guardian spirit
HPRegen  0.21/turn              G - ring of poison resistance
MPRegen  0.10/turn              r - +4 ring of protection

@: berserk cooldown, slowed, very slow
A: retaliatory headbutt, horns 2
a: Berserk, Trog's Hand, Brothers in Arms, Renounce Religion


You were on level 7 of the Dungeon.
You worshipped Trog.
Trog was greatly pleased with you.
You visited 1 branch of the dungeon, and saw 7 of its levels.

You collected 276 gold pieces.
You spent 240 gold pieces at shops.

Inventory:

Hand Weapons
 a - a +0 hand axe (weapon)
Armour
 b - the +1 ring mail of Patience (worn) {Stlth+}
   (You found it on level 4 of the Dungeon)

   It makes you more stealthy.
 k - a +0 pair of gloves (worn)
 B - a +0 kite shield (worn)
Jewellery
 e - a cursed amulet of inaccuracy {unknown}
 h - an uncursed ring of positive energy
 n - an amulet of guardian spirit (around neck)
 r - a +4 ring of protection (right hand)
 F - an uncursed ring of stealth
 G - a ring of poison resistance (left hand)
Wands
 l - a wand of polymorph (7)
 u - a wand of random effects (28)
 w - a wand of iceblast (23)
Scrolls
 c - a scroll of fear
 f - 2 scrolls of blinking
 g - a scroll of immolation {unknown}
 i - 2 scrolls of magic mapping {unknown}
 p - 2 scrolls of remove curse
 q - a scroll of fog
 t - 3 scrolls of amnesia {unknown}
 v - 2 scrolls of enchant weapon {unknown}
 y - a scroll of random uselessness {unknown}
 C - a scroll of enchant armour {unknown}
 I - 3 scrolls of identify
Potions
 d - 5 potions of haste
 j - 4 potions of curing
 m - 3 potions of heal wounds {unknown}
 o - a potion of stabbing {unknown}
 s - a potion of cancellation
 x - a potion of lignification {unknown}
 z - a potion of degeneration {unknown}
 A - a potion of magic {unknown}
 D - a potion of flight {unknown}
 E - a potion of ambrosia {unknown}
 H - 2 potions of brilliance {unknown}


   Skills:
 + Level 6.4 Fighting
 + Level 9.5 Axes
 + Level 6.0 Armour
 + Level 5.5 Dodging
 + Level 3.0 Stealth
 + Level 2.9 Shields


You had 7 spell levels left.
You didn't know any spells.
Your spell library was empty.

Dungeon Overview and Level Annotations

Branches:
Dungeon (7/15)             Temple (0/1) D:6

Altars:
Dithmenos
Vehumet

Shops:
D:5 =


Innate Abilities, Weirdness & Mutations

You reflexively headbutt those who attack you in melee.
You have a pair of horns on your head.


Message History

You furiously retaliate!
You headbutt the orc warrior.
The orc wizard hits you but does no damage.
You block the orc's attack.
You slash the orc wizard!
You kill the orc wizard!
Trog accepts your kill.
Trog appreciates your killing of a magic user.
You hit the orc.
You kill the orc!
Trog accepts your kill.
You hit the orc warrior but do no damage.
You hit the orc but do no damage.
The orc warrior hits you with a +0 flail!
* * * LOW HITPOINT WARNING * * *
The orc hits you but does no damage.
You closely miss the orc warrior.
The orc warrior is severely wounded.
You hit the orc.
The orc warrior hits you with a +0 flail!
You die...

..####..#######
#..#^......#...
#.............
#............ #.........
#....).$# #.......#
#....)o.# ### #....)@.##..#
..# ####....)o....# ...
...........######.#
#..########## #...#
##..######## ##.#
#####....#...####..#
.................## ###
#......o......###########
...
#.......$..[.)†.........###


You could see an orc warrior and an orc.

Vanquished Creatures
  A wyvern (D:7)
  Duvessa (D:5)
  An ice beast (D:7)
  A necrophage (D:5)
  2 sky beasts (D:5)
  2 centaurs
  Blork the orc (D:5)
  A gnoll sergeant (D:5)
  A bullfrog (D:6)
  Dowan (D:5)
  A jelly (D:5)
  3 killer bees (D:7)
  6 orc wizards
  A hound (D:5)
  2 orc priests
  Ijyb (D:5)
  A bullfrog skeleton (D:5)
  An iguana (D:6)
  7 worker ants
  A hound skeleton (D:7)
  A worker ant zombie (D:5)
  5 gnolls (D:5)
  7 adders
  2 ufetubi
  3 oozes
  2 dart slugs
  3 leopard geckos
  16 orcs
  2 ball pythons
  4 goblins
  11 hobgoblins
  9 jackals
  6 kobolds
  4 quokkas
  6 bats
  2 frilled lizards
  A jackal skeleton (D:4)
  7 rats
127 creatures vanquished.

Vanquished Creatures (others)
  A quokka (D:5)
  A bush (D:6)
2 creatures vanquished.

Grand Total: 129 creatures vanquished

Notes
Turn   | Place    | Note
-------+----------+-------------------------------------------
     0 | D:1      | mhtbhm the Minotaur Berserker began the quest for the Orb.
     0 | D:1      | Reached XP level 1. HP: 19/19 MP: 0/0
    26 | D:1      | Reached XP level 2. HP: 19/27 MP: 1/1
    31 | D:1      | Reached skill level 4 in Axes
   301 | D:1      | Reached XP level 3. HP: 24/33 MP: 2/2
   856 | D:2      | Reached ** piety under Trog
  1312 | D:2      | Reached XP level 4. HP: 34/41 MP: 3/3
  1591 | D:2      | Reached skill level 5 in Axes
  2323 | D:3      | Found a faded altar of an unknown god.
  2470 | D:4      | Reached XP level 5. HP: 43/47 MP: 4/4
  2858 | D:4      | Noticed a centaur
  2868 | D:4      | Killed a centaur
  2868 | D:4      | Reached skill level 5 in Fighting
  2868 | D:4      | Reached skill level 6 in Axes
  2868 | D:4      | Reached XP level 6. HP: 21/56 MP: 1/5
  3140 | D:4      | Got a shimmering ring mail
  3146 | D:4      | Identified the +1 ring mail of Patience {Stlth+} (You found
                  | it on level 4 of the Dungeon)
  3235 | D:4      | Found a radiant altar of Vehumet.
  3388 | D:5      | Entered Level 5 of the Dungeon
  3388 | D:5      | Noticed Duvessa
  3388 | D:5      | Noticed Dowan
  3390 | D:5      | Found a shadowy altar of Dithmenos.
  3398 | D:5      | Killed Dowan
  3398 | D:5      | Reached skill level 1 in Stealth
  3398 | D:5      | Noticed a sky beast
  3401 | D:5      | Killed Duvessa
  3413 | D:5      | Killed a sky beast
  3413 | D:5      | Reached XP level 7. HP: 42/61 MP: 2/6
  3523 | D:5      | Reached skill level 7 in Axes
  3656 | D:5      | Reached *** piety under Trog
  3668 | D:5      | Noticed Ijyb
  3678 | D:5      | Killed Ijyb
  3770 | D:5      | Found Asuj Suun's Jewellery Boutique.
  3778 | D:5      | Reached skill level 5 in Armour
  3787 | D:5      | Reached skill level 8 in Axes
  4032 | D:5      | Noticed Blork the orc
  4043 | D:5      | Killed Blork the orc
  4043 | D:5      | Reached XP level 8. HP: 62/70 MP: 5/7
  4226 | D:5      | Reached skill level 1 in Shields
  4408 | D:5      | Bought an uncursed ring of poison resistance for 240 gold
                  | pieces
  4730 | D:6      | Found a staircase to the Ecumenical Temple.
  4923 | D:6      | Reached skill level 9 in Axes
  4923 | D:6      | Reached skill level 5 in Dodging
  5366 | D:7      | Reached **** piety under Trog
  5377 | D:7      | Slain by an orc warrior

Illustrated notes

Levels and vault maps discovered:
D:1:      elethiomel_arrival_quiet, layout_basic
D:2:      layout_loops_ring, st_stairs_1
D:3:      layout_basic, chequers_ecumenical_altar_simple,
          kennysheep_generic_room_11
D:4:      layout_cave_pools, kennysheep_mini
D:5:      layout_gridville, nicolae_dithmenos_through_a_glass_darkly,
          serial_shops, shop, uniq_blork_the_orc, uniq_ijyb, uniq_duvessa
D:6:      minmay_spotlight, layout_loops_ring, minmay_temple_entry_from_below_b,
          kb_lookout_dungeons_type, kennysheep_generic_room_15
D:7:      layout_rooms, chequers_temple_overflow_statue_of_worship,
          old_standard_altar, gammafunk_ghost_smash, serial_shops,
          nicolae_shop_overgrown_old_shop

Skill      XL: |  1  2  3  4  5  6  7  8 |
---------------+-------------------------+-----
Fighting       | 4 5 6 |  6.4
Axes           | 4 5 6 8 9 |  9.5
Dodging        | 3 4 5 |  5.5
Armour         | 3 4 5 6 |  6.0
Stealth        | 1 3 |  3.0
Shields        | 2 |  2.9

Action                   |  1- 3 |  4- 6 |  7- 9 || total
-------------------------+-------+-------+-------++-------
Melee: Hand axe          |    86 |   114 |   180 ||   380
       Headbutt          |    18 |    16 |    40 ||    74
       Unarmed           |       |       |     6 ||     6
Invok: Berserk           |       |     2 |     3 ||     5
  Use: Scroll            |       |     6 |     2 ||     8
       Potion            |       |       |     3 ||     3
 Stab: Sleeping          |       |     1 |     5 ||     6
Armor: Animal skin       |    18 |     1 |       ||    19
       Ring mail         |       |    48 |    77 ||   125
       Skin              |       |       |     2 ||     2
Dodge: Dodged            |    62 |    77 |   105 ||   244
Block: Kite shield       |       |       |    63 ||    63

Table legend: (Time is in decaauts)
 A = Elapsed time spent in this place.
 B = Non-inter-level travel time spent in this place.
 C = Inter-level travel time spent in this place.
 D = Time resting spent in this place.
 E = Time spent auto-exploring this place.
 F = Levels seen in this place.
 G = Mean time per level.
                   A        B        C        D        E       F      G
               +--------+--------+--------+--------+--------+-----+--------+
         Total |   5418 |   5299 |    119 |    627 |   3666 |   7 |  774.0 |
       Dungeon |   5418 |   5299 |    119 |    627 |   3666 |   7 |  774.0 |
               +--------+--------+--------+--------+--------+-----+--------+

Top non-repeatable levels by time:
     D:5: 1047 daAuts
     D:2: 961 daAuts
     D:4: 939 daAuts
     D:1: 855 daAuts
     D:6: 834 daAuts
     D:3: 652 daAuts
     D:7: 127 daAuts
